 Dungeon Crawl Stone Soup version 0.26-a0-712-ga5a9c9c9d0 (webtiles) character file.

Game seed: 16795193831155922388

62678 tilp the Unseen (level 14, -9/76 (77) HPs)
             Began as a Spriggan Enchanter on Nov 2, 2020.
             Was a High Priest of Dithmenos.
             Drowned by a drowned soul (14 damage)
             ... summoned by a merfolk avatar
             ... on level 6 of the Lair of Beasts.
             The game lasted 01:01:27 (30189 turns).

tilp the Unseen (Spriggan Enchanter)               Turns: 30189, Time: 01:01:28

HP:   -9/76 (77)    AC: 10    Str:  4    XL:     14   Next: 65%
MP:   25/27         EV: 31    Int: 27    God:    Dithmenos [*****.]
Gold: 1337          SH:  0    Dex: 17    Spells: 16/29 levels left

rFire    + + .     SeeInvis +   a - +5 dagger
rCold    . . .     Faith    .   (shield restricted)
rNeg     . . .     Spirit   .   U - +1 robe {rF+}
rPois    .         Reflect  .   (helmet restricted)
rElec    .         Harm     .   i - +2 cloak
rCorr    .         Rampage  .   (gloves unavailable)
MR       ++...                  (boots unavailable)
Stlth    ++++++....             d - amulet "Nycap" {+Inv rF+ Regen+ SInv}
HPRegen  0.62/turn              R - +4 ring of protection (curse)
MPRegen  0.20/turn              S - ring "Moxiph" {Int+6 Slay+2}

@: mesmerised, very slightly contaminated, wreathed by umbra, invisible
(expiring), slow
A: very small, unfitting armour, see invisible, speed 3
a: Shadow Step, Shadow Form, Renounce Religion


You were on level 6 of the Lair of Beasts.
You worshipped Dithmenos.
Dithmenos was extremely pleased with you.
You visited 3 branches of the dungeon, and saw 19 of its levels.
You also visited: Volcano.

You collected 1337 gold pieces.

Inventory:

Hand Weapons
 a - a +5 dagger (weapon)
 b - a +4 long sword of flaming
 n - the +8 demon blade "Leech" {vamp, *Rage +Rage rN+}
   (You found it on level 9 of the Dungeon)

   It inflicts no extra harm, but heals its wielder when it wounds a living foe.
   It protects you from negative energy.
   It lets you go berserk.
   It may make you go berserk in combat.
Missiles
 c - 21 boomerangs (quivered)
 f - 63 poisoned darts
 k - 7 datura-tipped darts
 x - 4 curare-tipped darts
 I - a throwing net
 J - 2 silver boomerangs
Armour
 i - a +2 cloak (worn)
 U - a +1 robe of fire resistance (worn)
Jewellery
 d - the amulet "Nycap" (around neck) {+Inv rF+ Regen+ SInv}
   (You took it off an orc on level 8 of the Dungeon)

   [amulet of regeneration]

   It protects you from fire.
   It lets you see invisible.
   It lets you turn invisible.
   It increases your rate of regeneration.
 B - an uncursed ring of ice
 H - an uncursed ring of poison resistance
 L - an uncursed amulet of guardian spirit {unknown}
 N - an uncursed ring of positive energy
 R - a cursed +4 ring of protection (left hand)
 S - the ring "Moxiph" (right hand) {Int+6 Slay+2}
   (You found it on level 11 of the Dungeon)

   [ring of intelligence]

   It affects your intelligence (+6).
   It affects your accuracy and damage with ranged weapons and melee attacks
   (+2).
Wands
 w - a wand of acid (11)
 y - a wand of paralysis (20)
 F - a wand of iceblast (16)
 G - a wand of enslavement (8)
 P - a wand of polymorph (11)
 Q - a wand of flame (15)
Scrolls
 e - 2 scrolls of magic mapping
 o - 13 scrolls of remove curse
 r - 6 scrolls of teleportation
 s - 3 scrolls of blinking
 A - 5 scrolls of fear
 C - 3 scrolls of amnesia
 K - a scroll of identify
Potions
 h - 11 potions of might
 j - a potion of stabbing
 l - 3 potions of brilliance
 m - 2 potions of resistance
 p - 5 potions of heal wounds
 q - 3 potions of berserk rage
 t - a potion of magic
 u - 6 potions of curing
 v - 2 potions of lignification
 z - a potion of cancellation
 D - a potion of ambrosia
 E - a potion of haste
 M - 2 potions of flight
 O - a potion of mutation {unknown}
Miscellaneous
 g - a tin of tremorstones (3/3)


   Skills:
 - Level 10.0 Fighting
 - Level 10.0 Short Blades
 - Level 15.0 Dodging
 - Level 16.0 Stealth
 - Level 8.0 Spellcasting
 + Level 3.8 Conjurations
 - Level 12.0 Hexes
 + Level 5.8 Invocations
 - Level 10.0 Evocations


You had 16 spell levels left.
You knew the following spells:

 Your Spells              Type           Power        Failure   Level
a - Corona                Hex            ######.      1%          1
b - Ensorcelled Hibernat  Hex/Ice        #####.       1%          2
c - Confusing Touch       Hex            ######..     1%          3
d - Tukima's Dance        Hex            ######..     1%          3
e - Dazzling Flash        Conj/Hex       ######       1%          3
f - Apportation           Tloc           ##....       5%          1

Your spell library contained the following spells:

 Spells                   Type           Power        Failure   Level
 Summon Guardian Golem    Hex/Summ       #####...     1%          3
 Animate Skeleton         Necr           ##....       5%          1
 Pain                     Necr           ##..         5%          1
 Sting                    Tmut/Pois      ##..         5%          1
 Summon Small Mammal      Summ           ##..         5%          1
 Call Imp                 Summ           ##......     8%          2
 Poisonous Vapours        Pois/Air       ##....       8%          2
 Mephitic Cloud           Conj/Pois/Air  ###.....     10%         3
 Call Canine Familiar     Summ           ##......     16%         3
 Ignite Poison            Fire/Tmut/Pois ##......     16%         3
 Vampiric Draining        Necr           ##........   16%         3
 Animate Dead             Necr           ##........   45%         4
 Olgreb's Toxic Radiance  Pois           ##......     45%         4
 Summon Ice Beast         Ice/Summ       ##......     45%         4
 Summon Lightning Spire   Summ/Air       ##......     45%         4
 Agony                    Necr           ##......     82%         5


Dungeon Overview and Level Annotations

Branches:
Dungeon (12/15)            Temple (1/1) D:7            Lair (6/6) D:8
 Shoals (0/4) Lair:4        Snake (0/4) Lair:4          Orc (0/2) D:9
Volcano (visited)
  Slime: Lair:5-6

Altars:
Ashenzari
Cheibriados
Dithmenos
Elyvilon
Fedhas
Gozag
Hepliaklqana
Kikubaaqudgha
Makhleb
Nemelex Xobeh
Okawaru
Qazlal
Ru
Sif Muna
Trog
Uskayaw
Vehumet
Wu Jian
Xom
Yredelemnul
Zin
The Shining One

Shops:
D:7 !

Annotations:
D:11 dig vault
Lair:4 exclusion: oklob plant
Lair:5 exclusion: 6 oklob plants


Innate Abilities, Weirdness & Mutations

You are very small and have problems with some larger weapons.
You are too small for most types of armour.
You have supernaturally acute eyesight. (SInv)
You cover ground extremely quickly.


Message History

The merfolk avatar is lightly wounded.
The drowned soul touches you. The drowned soul drowns you!
You hit the merfolk avatar but do no damage.
The merfolk avatar is lightly wounded.
Your shadow hits the merfolk avatar but does no damage.
You see here a wand of flame (19).
The drowned soul touches you. The drowned soul drowns you!
* * * LOW HITPOINT WARNING * * *
You see here a scroll of enchant armour.
You flicker for a moment.
The merfolk avatar shouts!
The drowned soul touches you.
* * * LOW HITPOINT WARNING * * *
The drowned soul drowns you!
* * * LOW HITPOINT WARNING * * *
The drowned soul touches you. The drowned soul drowns you!
* * * LOW HITPOINT WARNING * * *
The merfolk avatar chants its luring song.
The drowned soul touches you. The drowned soul drowns you!
You die...

...##≈≈##≈≈).≈≈.#≈≈##≈≈.#≈≈#...†.
...≈≈≈≈≈≈≈≈≈≈≈≈≈≈≈≈≈≈≈≈≈≈PP≈†....
..≈≈≈≈≈≈≈≈≈≈≈≈≈≈≈≈≈≈≈≈≈≈≈≈≈≈≈....
...##≈.###################≈##....
..≈.#≈#≈≈≈#.≈≈≈≈≈≈≈≈.#8≈≈#≈##≈...
...≈≈≈≈≈≈≈#≈≈≈≈≈≈≈≈≈≈#≈≈≈≈≈≈≈≈...
...≈≈≈≈≈≈≈#≈≈≈≈≈≈≈≈≈≈#≈≈≈#P≈≈≈...
...##≈≈≈≈≈#≈≈≈≈≈≈≈≈≈≈#≈≈≈#≈#.≈...
...#.≈#≈≈≈#≈≈≈??@(≈≈≈≈≈≈≈#≈......
...≈≈≈≈≈#≈.≈≈m:≈≈?≈≈≈≈≈8≈≈≈P≈....
...≈≈≈≈≈≈#.≈≈≈(≈≈/≈≈≈≈≈.≈≈≈≈≈≈...
....#≈#≈≈≈.≈#≈)!!)≈≈≈≈≈≈≈#≈##≈..†
...##≈≈≈≈≈#≈≈≈≈≈≈≈≈≈≈#≈≈≈*≈##≈...
...≈≈≈≈≈≈≈#≈≈≈≈≈≈≈≈≈≈#≈≈≈#≈≈≈....
.÷.≈≈≈≈≈≈≈#≈≈≈≈≈≈#≈≈≈#≈≈≈≈≈≈≈....
.†.#.≈#≈≈8#8≈≈≈≈≈≈≈≈8#8≈≈.≈.#....
...##≈.##########.########≈##≈...


You could see a merfolk avatar (mesmerising).

Vanquished Creatures
  A boulder beetle (Lair:4)
  12 hydras
  A catoblepas (Lair:6)
  The ghost of Lanoc the Fighter, a novice DrAK of Lugonu (D:11)
  10 death yaks
  2 two-headed ogres (D:12)
  2 deep trolls (D:9)
  A lindwurm (Lair:6)
  An orc sorcerer (Volcano)
  A cyclops (D:12)
  2 ugly things
  A merfolk siren (Lair:4)
  10 elephants
  2 molten gargoyles (Volcano)
  4 black mambas
  A torpor snail (Lair:6)
  A smoke demon (Volcano)
  8 cane toads
  5 rime drakes
  2 red devils (Volcano)
  11 komodo dragons
  12 trolls
  5 hornets
  4 polar bears (Lair:6)
  2 wind drakes (Lair:6)
  Prince Ribbit (D:9)
  11 blink frogs
  Sigmund (D:2)
  A vampire (D:12)
  6 wyverns
  3 wraiths
  A fire bat (Volcano)
  40 yaks
  5 basilisks
  2 soldier ants (D:10)
  A hell hound (Volcano)
  20 water moccasins
  A floating eye (Lair:5)
  5 orc warriors
  2 phantoms
  5 sky beasts
  2 ice beasts (D:11)
  11 black bears
  A necrophage (D:8)
  21 wolves
  9 centaurs
  6 ogres
  3 big kobolds
  Blork the orc (D:4)
  19 bullfrogs
  4 scorpions
  2 troll zombies (D:9)
  20 killer bees
  14 wights
  6 howler monkeys
  3 jellies
  4 electric eels
  A lava snake (Volcano)
  4 centaur zombies
  A quasit (D:11)
  A bullfrog skeleton (D:11)
  8 hounds
  4 centaur skeletons
  A gnoll shaman (D:5)
  6 orc priests
  10 orc wizards
  Jessica (D:2)
  Terence (D:3)
  4 iguanas
  8 worker ants
  6 hell rats (Lair:5)
  A killer bee zombie (D:7)
  6 ogre zombies (D:9)
  A hound zombie (D:3)
  2 hound skeletons
  A worker ant zombie (D:8)
  6 gnolls
  A howler monkey skeleton (D:11)
  20 adders
  A river rat (D:9)
  3 shadow imps
  A white imp (D:10)
  An ooze (D:4)
  3 worms
  4 dart slugs
  7 leopard geckos
  34 orcs
  7 bats
  5 giant cockroaches
  11 goblins
  11 hobgoblins
  10 jackals
  37 kobolds
  9 quokkas
  4 ball pythons
  A frilled lizard (D:1)
  A goblin skeleton (D:9)
  A goblin zombie (D:9)
  A hobgoblin skeleton (D:9)
  A hobgoblin zombie (D:9)
  An orc skeleton (D:9)
  20 orc zombies (D:9)
  3 quokka skeletons
  6 rats
610 creatures vanquished.

Vanquished Creatures (collateral kills)
  An orc wizard (D:9)
  An orc (D:9)
2 creatures vanquished.

Vanquished Creatures (others)
  2 blink frogs (Lair:5)
  80 fungi
  199 plants
281 creatures vanquished.

Grand Total: 893 creatures vanquished

Notes
Turn   | Place    | Note
-------+----------+-------------------------------------------
     0 | D:1      | tilp the Spriggan Enchanter began the quest for the Orb.
     0 | D:1      | Reached XP level 1. HP: 9/9 MP: 5/5
   318 | D:1      | Reached XP level 2. HP: 11/13 MP: 3/6
   322 | D:1      | Learned a level 2 spell: Ensorcelled Hibernation
   385 | D:1      | Reached skill level 5 in Stealth
  1564 | D:1      | Reached XP level 3. HP: 15/16 MP: 8/8
  1708 | D:1      | Learned a level 3 spell: Confusing Touch
  2097 | D:1      | Found a broken altar of Ashenzari.
  2282 | D:2      | Noticed Jessica
  2328 | D:2      | Killed Jessica
  2328 | D:2      | Reached skill level 6 in Stealth
  2328 | D:2      | Reached XP level 4. HP: 21/21 MP: 6/9
  2379 | D:2      | Noticed Sigmund
  2391 | D:2      | Killed Sigmund
  2391 | D:2      | Reached skill level 7 in Stealth
  2391 | D:2      | Reached XP level 5. HP: 18/24 MP: 5/10
  2624 | D:2      | Reached skill level 8 in Stealth
  2693 | D:2      | Found a faded altar of an unknown god.
  2712 | D:2      | Reached XP level 6. HP: 19/28 MP: 0/11
  3535 | D:2      | Learned a level 3 spell: Tukima's Dance
  3902 | D:3      | Reached skill level 5 in Short Blades
  4248 | D:3      | Noticed Terence
  4255 | D:3      | Killed Terence
  6110 | D:4      | Reached skill level 1 in Evocations
  6293 | D:4      | Reached XP level 7. HP: 29/32 MP: 8/14
  6467 | D:4      | Noticed Blork the orc
  6476 | D:4      | Killed Blork the orc
  6476 | D:4      | Reached skill level 5 in Hexes
  7743 | D:5      | Entered Level 5 of the Dungeon
  8713 | D:5      | Reached XP level 8. HP: 36/36 MP: 12/15
  9043 | D:5      | Found a white marble altar of Elyvilon.
  9043 | D:5      | Found a snail-covered altar of Cheibriados.
  9044 | D:5      | Found a shimmering altar of Xom.
  9822 | D:5      | Reached skill level 1 in Fighting
 10634 | D:6      | Reached skill level 5 in Dodging
 10659 | D:6      | Found a bloodstained altar of Trog.
 11075 | D:6      | Learned a level 3 spell: Dazzling Flash
 11077 | D:6      | Learned a level 1 spell: Apportation
 11196 | D:7      | Reached XP level 9. HP: 44/44 MP: 0/16
 11563 | D:7      | Found a staircase to the Ecumenical Temple.
 11575 | D:6      | Reached skill level 9 in Stealth
 11951 | D:7      | Found Qyerysh's Distillery.
 12180 | D:7      | Reached skill level 10 in Stealth
 12344 | Temple   | Entered the Ecumenical Temple
 12635 | Temple   | Became a worshipper of Dithmenos the Shadowed
 12740 | D:7      | Found a hazy altar of Hepliaklqana.
 13042 | D:8      | Reached skill level 11 in Stealth
 13299 | D:8      | Reached skill level 12 in Stealth
 13605 | D:8      | Found a staircase to the Lair.
 13634 | D:8      | Reached XP level 10. HP: 48/48 MP: 6/17
 13672 | D:7      | Found a burning altar of Makhleb.
 13672 | D:7      | Found a basalt altar of Yredelemnul.
 13811 | D:8      | Reached skill level 1 in Invocations
 14115 | D:8      | Identified the amulet "Nycap" {+Inv rF+ Regen+ SInv}
 14121 | D:8      | Reached * piety under Dithmenos
 14592 | D:9      | Found a shimmering altar of Xom.
 14834 | D:9      | Reached skill level 1 in Conjurations
 14878 | D:9      | Found the +8 demon blade "Leech" {vamp, *Rage +Rage rN+}
 14925 | D:9      | Found a staircase to the Orcish Mines.
 15000 | D:9      | Reached skill level 5 in Evocations
 15150 | D:9      | Reached ** piety under Dithmenos
 15554 | D:9      | Noticed Prince Ribbit
 15562 | D:9      | Killed Prince Ribbit
 15771 | D:9      | Reached skill level 5 in Spellcasting
 15975 | D:9      | Reached *** piety under Dithmenos
 16073 | D:9      | Noticed a deep troll
 16093 | D:9      | Killed a deep troll
 16144 | D:9      | Reached XP level 11. HP: 45/52 MP: 5/19
 16331 | D:9      | Noticed a deep troll
 16340 | D:9      | Killed a deep troll
 16952 | D:10     | Entered Level 10 of the Dungeon
 16960 | D:10     | Reached skill level 13 in Stealth
 17756 | D:10     | You fall into a shaft and drop 1 floor!
 17772 | D:11     | Found a runed translucent gate.
 17773 | D:11     | Found a runed translucent gate.
 17775 | D:11     | Found a runed translucent gate.
 17775 | D:11     | Noticed Lanoc's ghost (novice DrAK)
 17781 | D:11     | Noticed a nine-headed hydra
 17782 | D:11     | Noticed a nine-headed hydra
 18052 | D:11     | Noticed an eight-headed hydra
 18057 | D:11     | Killed an eight-headed hydra
 18111 | D:11     | Got an ebony morningstar
 18210 | D:11     | Reached skill level 10 in Dodging
 18280 | D:11     | Reached **** piety under Dithmenos
 19172 | D:11     | Noticed a cyan ugly thing
 19177 | D:11     | Killed a cyan ugly thing
 19334 | D:11     | Identified the +9 mace "Vuxiat" {distort, Str+4 Int+3}
 19478 | D:11     | Got a bloodstained mace
 19712 | D:11     | Identified the cursed +1 morningstar "Geygann" {vorpal,
                  | +Inv MR+ Dex-5 SInv} (You found it on level 11 of the
                  | Dungeon)
 19713 | D:11     | Identified the +8 mace "Bevoorpha" {vamp, rPois rF+ Int-4
                  | Dex+3} (You found it on level 11 of the Dungeon)
 19832 | Lair:1   | Entered Level 1 of the Lair of Beasts
 19912 | Lair:1   | Reached XP level 12. HP: 58/58 MP: 22/22
 20205 | Lair:1   | Reached skill level 5 in Fighting
 20267 | Lair:1   | Noticed a four-headed hydra
 20289 | Lair:1   | Killed a four-headed hydra
 20860 | Lair:2   | Reached skill level 10 in Hexes
 20860 | Lair:2   | Reached skill level 10 in Evocations
 20955 | Lair:2   | Noticed a five-headed hydra
 21125 | Lair:2   | Reached skill level 14 in Stealth
 21480 | Lair:2   | Killed a five-headed hydra
 21761 | Lair:3   | Noticed a five-headed hydra
 21784 | Lair:3   | Killed a five-headed hydra
 21784 | Lair:3   | Reached skill level 10 in Short Blades
 22303 | Lair:3   | Reached skill level 15 in Stealth
 22421 | Lair:3   | Noticed a death yak
 22764 | Lair:3   | Noticed a death yak
 22766 | Lair:3   | Noticed a death yak
 22766 | Lair:3   | Noticed a death yak
 22767 | Lair:3   | Noticed a death yak
 22767 | Lair:3   | Noticed a death yak
 23110 | Lair:3   | Killed a death yak
 23111 | Lair:3   | Killed a death yak
 23111 | Lair:3   | Killed a death yak
 23111 | Lair:3   | Killed a death yak
 23111 | Lair:3   | Reached skill level 16 in Stealth
 23111 | Lair:3   | Reached XP level 13. HP: 16/64 MP: 23/23
 24119 | Lair:4   | Reached skill level 15 in Dodging
 24240 | Lair:4   | Reached ***** piety under Dithmenos
 24505 | Lair:4   | Found a staircase to the Snake Pit.
 24613 | Lair:4   | Found a staircase to the Shoals.
 25472 | Lair:5   | Paralysed by a floating eye for 2 turns
 27703 | D:11     | Killed Lanoc's ghost
 27713 | D:11     | Reached XP level 14. HP: 73/73 MP: 24/24
 27717 | D:11     | Got a scorched broad axe
 27719 | D:11     | Got a translucent jade ring
 27966 | Lair:6   | Entered Level 6 of the Lair of Beasts
 28028 | Lair:6   | Found a dark tunnel.
 28040 | Volcano  | Entered a volcano
 28185 | Volcano  | Found a radiant altar of Vehumet.
 28449 | Lair:6   | Identified the ring "Moxiph" {Int+6 Slay+2} (You found it
                  | on level 11 of the Dungeon)
 28452 | Lair:6   | Identified the +4 broad axe of Floods {distort, rElec MP+9
                  | Str+3 Int-4} (You found it on level 11 of the Dungeon)
 28655 | Lair:6   | Reached skill level 10 in Fighting
 29383 | Lair:6   | Reached skill level 5 in Invocations
 30179 | Lair:6   | Identified the Volume of Hurtful Unholy Rituals
 30189 | Lair:6   | Drowned by a drowned soul

Illustrated notes

Levels and vault maps discovered:
D:1:      lemuel_arrival_behind_the_door_large, layout_basic, ashenzari_altar_1
D:2:      layout_loops_ring, chequers_ecumenical_altar_simple, uniq_jessica,
          uniq_sigmund
D:3:      layout_basic, uniq_terence
D:4:      kennysheep_kobold_camp, layout_basic, minmay_puff, uniq_blork_the_orc
D:5:      layout_basic, gammafunk_temple_overflow_claw
D:6:      layout_rooms, trog_ov_bears_minmay
D:7:      layout_rooms, nicolae_overflow_hidden_temple,
          minmay_temple_entry_large_hall, serial_shops,
          nicolae_shop_behind_doors
D:8:      layout_basic, due_lair_maze_entry_diamond, minmay_radiant
D:9:      lemuel_troll_bridge, layout_basic, zombieorc2_lemuel, basic_altar,
          grunt_ministairs_14, uniq_prince_ribbit1
D:10:     layout_loops_cross
D:11:     layout_gridville, gammafunk_ghost_hydra_chop,
          nicolae_straight_to_the_point
D:12:     layout_stronghold
Temple:   eino_temple_rhombus
Lair:1:   layout_cellular_growth, dpeg_stationary_puzzle
Lair:2:   layout_small_grid
Lair:3:   layout_cave_pods
Lair:4:   layout_long_grid, minmay_shoals_entry_lonely_mermaid,
          dummy_snake_entry, minmay_lair_oklob_chamber, grunt_megastairs_2,
          infiniplex_staircase_pool
Lair:5:   layout_roguey, minmay_slime_entry_oklob_enclosed, disabler_island
Lair:6:   gammafunk_lair_ancient_temple, layout_regular_city,
          nicolae_volcano_entry_s_turn

Skill      XL: |  1  2  3  4  5  6  7  8  9 10 11 12 13 14 |
---------------+-------------------------------------------+-----
Stealth        | 5 6 7 8 12 13 16 | 16.0
Short Blades   | 2 3 4 5 8 9 10 | 10.0
Spellcasting   | 4 5 6 8 |  8.0
Hexes          | 4 7 8 9 10 12 | 12.0
Evocations     | 2 4 6 9 10 | 10.0
Fighting       | 3 4 6 8 10 | 10.0
Dodging        | 8 9 10 13 15 | 15.0
Invocations    | 2 4 5 |  5.8
Conjurations   | 1 2 3 |  3.8

Action                   |  1- 3 |  4- 6 |  7- 9 | 10-12 | 13-15 || total
-------------------------+-------+-------+-------+-------+-------++-------
Melee: Dagger            |    90 |   193 |   317 |   620 |   405 ||  1625
Throw: Boomerang         |    27 |       |       |     2 |       ||    29
 Cast: Corona            |     7 |       |       |       |     2 ||     9
       Ensorcelled Hiber |    20 |    80 |   134 |   174 |   157 ||   565
       Confusing Touch   |       |     1 |    21 |    57 |    24 ||   103
       Dazzling Flash    |       |       |       |    12 |    14 ||    26
       Apportation       |       |       |       |       |     3 ||     3
Invok: Shadow Step       |       |       |       |     2 |     4 ||     6
 Abil: Evoke Invisibilit |       |       |       |       |     4 ||     4
Evoke: Wand              |       |       |       |     4 |     1 ||     5
       Tin of tremorston |       |       |       |     3 |       ||     3
  Use: Scroll            |       |     6 |    10 |    14 |     9 ||    39
 Stab: Sleeping          |    16 |    53 |    80 |   134 |   131 ||   414
       Confused          |       |     1 |    21 |    66 |    30 ||   118
       Invisible         |       |       |       |     7 |    27 ||    34
       Distracted        |       |       |       |     4 |       ||     4
Armor: Robe              |     4 |    12 |    11 |    21 |    26 ||    74
Dodge: Dodged            |    85 |   122 |   232 |   518 |   352 ||  1309

Table legend: (Time is in decaauts)
 A = Elapsed time spent in this place.
 B = Non-inter-level travel time spent in this place.
 C = Inter-level travel time spent in this place.
 D = Time resting spent in this place.
 E = Time spent auto-exploring this place.
 F = Levels seen in this place.
 G = Mean time per level.
                   A        B        C        D        E       F      G
               +--------+--------+--------+--------+--------+-----+--------+
         Total |  23659 |  22628 |   1031 |   9574 |   8486 |  20 | 1182.9 |
       Dungeon |  16797 |  16073 |    724 |   7507 |   5317 |  12 | 1399.8 |
        Temple |    238 |    221 |     17 |      0 |    215 |   1 |  238.0 |
          Lair |   6454 |   6165 |    289 |   2066 |   2953 |   6 | 1075.7 |
       Volcano |    169 |    169 |      0 |      0 |      0 |   1 |  169.0 |
               +--------+--------+--------+--------+--------+-----+--------+

Top non-repeatable levels by time:
     D:1: 2164 daAuts
     D:4: 2101 daAuts
     D:5: 2074 daAuts
     D:9: 2060 daAuts
  Lair:6: 1537 daAuts
     D:8: 1535 daAuts
     D:3: 1510 daAuts
    D:11: 1331 daAuts
  Lair:5: 1324 daAuts
  Lair:3: 1195 daAuts
     D:6: 930 daAuts
     D:2: 899 daAuts
  Lair:2: 826 daAuts
  Lair:1: 798 daAuts
    D:10: 788 daAuts
